 Dungeon Crawl Stone Soup version 0.29-a0-559-g359e09b9d1 (webtiles) character file.

Game seed: 8561516206155476596

12 Hubjo the Insei (level 2, 0/21 HPs)
             Began as a Demonspawn Transmuter on June 9, 2022.
             Was a Follower of Nemelex Xobeh.
             Slain by a kobold
             ... wielding a +0 whip
              (1 damage)
             ... on level 1 of the Dungeon.
             The game lasted 00:00:44 (499 turns).

Hubjo the Insei (Demonspawn Transmuter)              Turns: 499, Time: 00:00:44

Health: 0/21       AC:  2    Str: 10    XL:     2   Next: 20%
Magic:  5/5        EV: 12    Int: 14    God:    Nemelex Xobeh [*.....]
Gold:   32         SH:  0    Dex: 13    Spells: 4/5 levels left

rFire   . . .      SeeInvis .     - Unarmed
rCold   . . .      Faith    .   (no shield)
rNeg    . . .      Spirit   .   a - +0 robe
rPois   .          Reflect  .   (helmet currently unavailable)
rElec   .          Harm     .   (no cloak)
rCorr   .          Rampage  .   (no gloves)
Will    .....                   (boots currently unavailable)
Stlth   +.........              (no amulet)
HPRegen 0.07/turn               (no ring)
MPRegen 0.09/turn               (no ring)

@: appendages (expiring)
A: horns 2, talons 2, demonic magic 1
a: End Transformation, Renounce Religion, Draw Escape, Draw Destruction, Draw
Summoning


You were on level 1 of the Dungeon.
You worshipped Nemelex Xobeh.
Nemelex Xobeh was aware of your devotion.
You had temporarily grown beastly horns and talons.
You visited 1 branch of the dungeon, and saw 1 of its levels.

You collected 32 gold pieces.

Inventory:

Armour
 a - a +0 robe (worn)
Jewellery
 g - a +4 ring of slaying
Scrolls
 c - a scroll of torment {unknown}
 d - a scroll of identify {unknown}
 h - a scroll of enchant weapon {unknown}
 i - a scroll of amnesia {unknown}
 j - a scroll of magic mapping {unknown}
Potions
 b - 2 potions of lignification
 e - a potion of brilliance {unknown}
 f - a potion of haste {unknown}


   Skills:
 * Level 1.5 Fighting
 - Level 1.7 Dodging
 + Level 0.4 Stealth
 + Level 2.7 Unarmed Combat
 + Level 2.1 Spellcasting
 + Level 1.9 Transmutations


You had 4 spell levels left.
You knew the following spells:

 Your Spells              Type           Power      Damage    Failure   Level
a - Beastly Appendage     Tmut           12%        N/A       11%         1

Your spell library contained the following spells:

 Spells                   Type           Power      Damage    Failure   Level
 Wereblood                Tmut           6%         N/A       16%         2
 Spider Form              Tmut/Pois      4%         N/A       43%         3
 Ice Form                 Ice/Tmut       4%         N/A       83%         4


Dungeon Overview and Level Annotations

Branches:
Dungeon (1/15)

Altars:
Nemelex Xobeh


Innate Abilities, Weirdness & Mutations

You have temporarily grown beastly horns and talons.
Spells you cast may paralyse adjacent enemies.


Message History

A kobold comes into view. It is wielding a +0 whip.
A kobold is nearby!
A kobold is nearby!
You grow a pair of large bovine horns.
Your feet morph into talons.
Malevolent energies surge around you.
The kobold shouts!
A goblin comes into view. It is wielding a +0 dagger.
The kobold barely misses you.
You closely miss the kobold. The kobold closely misses you.
The goblin barely misses you.
You hit the kobold.
The kobold is moderately wounded.
The kobold closely misses you. The goblin hits you with a +0 dagger.
You barely miss the kobold. Your kick misses the kobold.
The kobold is moderately wounded.
The kobold hits you with a +0 whip. The goblin closely misses you.
You closely miss the kobold. Your kick misses the kobold.
The kobold is moderately wounded.
Your transformation is almost over.
The kobold barely misses you. The goblin barely misses you.
You miss the kobold. Your kick misses the kobold.
Your headbutt misses the kobold.
The kobold is moderately wounded.
The kobold hits you with a +0 whip. The goblin hits you but does no damage.
You are too injured to fight recklessly!
You are too injured to fight recklessly!
You closely miss the kobold. Your headbutt misses the kobold.
The kobold is moderately wounded.
The kobold completely misses you. The goblin hits you with a +0 dagger.
You hit the kobold but do no damage. Your kick misses the kobold.
The kobold is moderately wounded.
The kobold hits you with a +0 whip.
* * * LOW HITPOINT WARNING * * *
The goblin hits you with a +0 dagger.
* * * LOW HITPOINT WARNING * * *
You closely miss the kobold.
The kobold is moderately wounded.
The kobold hits you with a +0 whip.
You die...
Your body disappears without a glow.

#.....##.....
....##...#
#.....# ......
.....+....
#.....##.....#
...###....
#......#####.#
..........
####...# #.#
.########.
#...# .....
..... #...#
#.#.## ...###
#...##.....#
... #....@K..#
.. ###...g..#
. #.....##
####.....
...## ...#
...# ....


You could see a goblin and a kobold.

Vanquished Creatures
  A dart slug (D:1)
  An endoplasm (D:1)
  A goblin (D:1)
  3 hobgoblins (D:1)
  A ball python (D:1)
  A frilled lizard (D:1)
  A kobold (D:1)
  A rat (D:1)
10 creatures vanquished.

Notes
Turn   | Place    | Note
-------+----------+-------------------------------------------
     0 | D:1      | Hubjo the Demonspawn Transmuter began the quest for the
                  | Orb.
     0 | D:1      | Reached XP level 1. HP: 15/15 MP: 3/3
   214 | D:1      | Found a faded altar of an unknown god.
   222 | D:1      | Prayed at the altar of an unknown god.
   222 | D:1      | Became a worshipper of Nemelex Xobeh the Trickster
   222 | D:1      | Reached * piety under Nemelex Xobeh
   342 | D:1      | Gained mutation: Spells you cast may paralyse adjacent
                  | enemies. [demonic ancestry]
   342 | D:1      | Reached XP level 2. HP: 16/21 MP: 3/5
   414 | D:1      | Received a gift from Nemelex Xobeh
   498 | D:1      | HP: 1/21 [goblin/+0 dagger (3)]
   499 | D:1      | Slain by a kobold

Illustrated notes

Levels and vault maps discovered:
D:1:      minmay_arrival_jagged, layout_basic,
          shapermc_ecumenical_altar_acropolis

Action                   || total
-------------------------++-------
Melee: Unarmed           ||    31
       Headbutt          ||     6
       Kick              ||     5
       Punch             ||     1
 Cast: Beastly Appendage ||    10
Armor: Robe              ||     1
Dodge: Dodged            ||    19

Table legend: (Time is in decaauts)
 A = Elapsed time spent in this place.
 B = Non-inter-level travel time spent in this place.
 C = Inter-level travel time spent in this place.
 D = Time resting spent in this place.
 E = Time spent auto-exploring this place.
 F = Levels seen in this place.
 G = Mean time per level.
                   A        B        C        D        E       F      G
               +--------+--------+--------+--------+--------+-----+--------+
         Total |    497 |    478 |     19 |      0 |    385 |   1 |  497.0 |
       Dungeon |    497 |    478 |     19 |      0 |    385 |   1 |  497.0 |
               +--------+--------+--------+--------+--------+-----+--------+

Top non-repeatable levels by time:
     D:1: 497 daAuts
